Map: Acropolis LE

Players

Denver

  • Race: Zerg Zerg
  • Spawn Location: 5:00

Serral - Winner!

  • Race: Zerg Zerg
  • Spawn Location: 11:00

Event: 2019 WCS Summer

VOD

Have the link to the VOD?

Description

Time

  • Played on: July 13, 2019, 2:19 p.m.
  • Length: 9:45

All games in this series

Show
View Real Time Build Order
Export as new Build Order

Denver Zerg 

Build Orders: Hatch First 

Get SALT Encoding   

  12  0:00  Drone  
  13  0:13  Overlord  
  13  0:17  Drone  
  14  0:31  Drone x2  
  16  0:48  Hatchery  
  15  0:51  Drone  
  15  0:55  Drone  
  17  0:58  Drone  
  18  1:09  Extractor  
  17  1:13  Spawning Pool  
  17  1:15  Drone  
  17  1:19  Drone  
  18  1:28  Drone  
  19  1:39  Drone  
  20  1:50  Drone  
  21  1:59  Queen x2  
  21  2:00  Overlord  
  26  2:01  Zergling x2  
  26  2:08  Metabolic Boost  
  26  2:11  Drone  
  26  2:13  Drone  
  28  2:22  Drone x2  
  30  2:33  Hatchery  
  30  2:35  Drone  
  30  2:37  Drone  
  30  2:43  Drone x2  
  33  2:47  Baneling Nest  
  32  2:53  Overlord  
  32  3:00  Zergling x2  
  32  3:04  Zergling x2  
  32  3:05  Overlord  
  34  3:09  Zergling x4  
  34  3:11  Overlord  
  36  3:13  Drone  
  36  3:14  Drone  
  36  3:18  Drone  
  39  3:20  Drone  
  39  3:21  Drone  
  41  3:29  Drone  
  41  3:32  Baneling  
  42  3:34  Evolution Chamber  
  42  3:35  Baneling x2  
  42  3:39  Drone  
  42  3:40  Drone x4  
  45  3:46  Zergling x4  
  45  3:47  Zergling x2  
  48  3:49  Drone  
  48  3:50  Drone  
  49  3:59  Drone x3  
  52  4:06  Zergling x2  
  52  4:09  Drone  
  51  4:10  Drone  
  51  4:13  Zerg Missile Weapons Level 1, Queen  
  54  4:17  Queen  
  54  4:18  Baneling  
  54  4:19  Drone  
  54  4:21  Drone  
  58  4:24  Drone, Extractor  
  58  4:27  Overlord  
  58  4:30  Drone x2  
  60  4:35  Drone x4  
  64  4:39  Drone  
  64  4:42  Overlord  
  64  4:44  Lair  
  63  4:48  Zergling x8  
  63  4:50  Zergling x2  
  63  4:52  Zergling x2  
  69  4:58  Drone  
  70  5:02  Roach Warren  
  70  5:03  Drone x2, Extractor x2  
  70  5:06  Baneling x2  
  69  5:08  Drone  
  69  5:14  Drone x2  
  71  5:18  Drone  
  72  5:22  Overlord  
  72  5:26  Overlord  
  70  5:32  Overlord  
  70  5:33  Overlord x2  
  69  5:37  Overlord  
  69  5:40  Overlord  
  69  5:45  Roach  
  69  5:46  Roach x5  
  69  5:47  Overlord  
  80  5:50  Glial Reconstitution, Extractor  
  80  5:51  Extractor  
  80  5:54  Nydus Network  
  77  6:01  Roach x4  
  77  6:02  Drone  
  77  6:03  Drone x6  
  91  6:06  Overlord  
  91  6:08  Overseer  
  91  6:11  Roach x2  
  95  6:15  Overlord  
  95  6:21  Overlord  
  95  6:23  Hatchery  
  95  6:24  Roach x2  
  98  6:28  Roach  
  98  6:29  Roach x2  
  98  6:31  Roach  
  98  6:32  Roach  
  108  6:37  Roach  
  108  6:38  Roach x3  
  116  6:45  Nydus Canal  
  116  6:47  Roach x4  
  123  6:49  Drone  
  123  6:53  Roach  
  126  6:54  Drone  
  126  6:56  Zerg Missile Weapons Level 2  
  126  6:57  Overseer  
  127  7:02  Drone x6  
  127  7:07  Drone x4  
  137  7:08  Evolution Chamber  
  137  7:12  Nydus Canal  
  136  7:18  Overlord  
  135  7:25  Roach x4  
  135  7:26  Hatchery  
  139  7:40  Roach  
  139  7:41  Zerg Ground Armor Level 1  
  132  7:46  Nydus Canal  
  132  7:48  Roach x10  
  145  8:03  Roach x7  
  149  8:10  Roach x2  
  149  8:11  Nydus Canal  
  149  8:17  Roach x4  
  149  8:18  Ravager x2  
  159  8:24  Roach x4  
  167  8:30  Overseer, Overlord  
  167  8:34  Ravager x2  
  165  8:36  Overlord  
  165  8:37  Queen  
  161  8:47  Roach  
  161  8:48  Roach x5  
  169  8:54  Roach x3  
  161  9:01  Roach  
  161  9:02  Roach x3  
  153  9:04  Ravager  
  153  9:05  Ravager  
  157  9:10  Roach x3  
  161  9:21  Roach  
  161  9:22  Roach x4  
  151  9:25  Roach  
  151  9:27  Overlord  
Show
View Real Time Build Order
Export as new Build Order

Serral Zerg - Winner!

Build Orders: Hatch First 

Get SALT Encoding   

  12  0:00  Drone  
  13  0:13  Overlord  
  14  0:21  Drone  
  14  0:33  Drone x2  
  16  0:48  Hatchery  
  15  0:52  Drone  
  15  0:55  Drone  
  17  0:59  Drone  
  18  1:09  Extractor  
  17  1:13  Spawning Pool  
  17  1:16  Drone  
  17  1:20  Drone  
  18  1:28  Drone  
  19  1:39  Drone  
  20  1:50  Drone  
  21  2:00  Overlord  
  21  2:01  Queen x2  
  21  2:02  Zergling x2  
  26  2:10  Metabolic Boost  
  26  2:12  Drone x2  
  28  2:25  Drone  
  28  2:28  Drone  
  30  2:33  Hatchery  
  30  2:35  Zergling x2  
  30  2:42  Baneling Nest  
  30  2:43  Drone  
  30  2:47  Overlord  
  30  2:50  Drone  
  31  2:57  Drone x2  
  33  3:09  Zergling x4  
  33  3:11  Zergling x6  
  33  3:12  Zergling x4  
  40  3:17  Overlord  
  40  3:20  Zergling x2  
  40  3:21  Drone  
  40  3:26  Queen  
  44  3:33  Baneling x2  
  44  3:35  Baneling x2  
  44  3:36  Drone x2  
  46  3:41  Evolution Chamber  
  46  3:42  Drone x2  
  46  3:45  Drone  
  46  3:47  Drone  
  49  3:53  Overlord  
  47  3:57  Drone x2  
  49  4:07  Zergling x6  
  49  4:09  Drone x2  
  53  4:16  Zerg Missile Weapons Level 1  
  52  4:17  Zergling x2, Drone x2  
  52  4:18  Drone  
  52  4:19  Baneling x2  
  52  4:21  Drone  
  52  4:22  Drone, Extractor  
  52  4:23  Drone  
  57  4:25  Drone  
  57  4:26  Drone  
  57  4:30  Drone x2  
  61  4:33  Drone  
  61  4:34  Drone  
  63  4:40  Zergling x4, Extractor  
  63  4:42  Overlord  
  64  4:46  Drone  
  64  4:48  Roach Warren  
  64  4:49  Drone  
  65  4:54  Lair  
  65  4:56  Drone x2  
  66  5:04  Overlord x2  
  66  5:05  Drone x3  
  66  5:06  Drone  
  70  5:07  Drone  
  70  5:11  Baneling x2  
  70  5:13  Drone  
  70  5:14  Drone x2  
  74  5:16  Extractor  
  74  5:17  Overlord  
  74  5:18  Drone  
  74  5:25  Overlord  
  74  5:27  Drone  
  74  5:28  Drone  
  74  5:29  Drone x2  
  74  5:34  Drone x3  
  78  5:36  Pneumatized Carapace, Roach x2  
  78  5:37  Extractor  
  78  5:38  Extractor  
  78  5:40  Drone x2  
  82  5:45  Overlord  
  82  5:46  Drone x2  
  82  5:49  Drone  
  85  5:50  Drone  
  85  5:51  Roach x2  
  85  5:53  Glial Reconstitution  
  85  5:55  Roach  
  85  5:56  Roach  
  91  6:05  Overseer  
  91  6:10  Overlord  
  91  6:11  Hatchery, Evolution Chamber, Overlord  
  90  6:15  Roach x3  
  95  6:23  Roach x2  
  95  6:24  Roach x3  
  105  6:26  Overlord  
  105  6:28  Zerg Missile Weapons Level 2  
  105  6:34  Overlord  
  105  6:36  Roach x3  
  111  6:44  Zerg Ground Armor Level 1  
  111  6:48  Roach x5  
  122  6:55  Spine Crawler  
  121  7:02  Roach x7  
  121  7:07  Overlord  
  121  7:08  Hatchery, Overlord  
  134  7:11  Ravager  
  134  7:12  Ravager x3  
  134  7:13  Roach  
  134  7:14  Roach x2  
  144  7:21  Roach  
  145  7:26  Overlord x2  
  145  7:29  Roach x5  
  150  7:38  Roach x6  
  150  7:44  Roach  
  162  7:47  Drone  
  162  7:48  Drone  
  160  7:58  Hatchery, Roach x4  
  163  7:59  Roach  
  157  8:07  Roach x4  
  157  8:12  Roach x2  
  166  8:22  Drone x3  
  166  8:26  Ravager x2  
  171  8:28  Roach x3  
  171  8:31  Overseer  
  177  8:36  Overlord x2  
  177  8:39  Overlord  
  177  8:55  Roach x7  
  183  9:02  Roach x3  
  177  9:08  Roach x3  
  183  9:12  Ravager  
  183  9:13  Ravager  
  185  9:20  Roach  
  185  9:21  Roach x5  
Tags
 
Add a new tag
Caveats
  • Supply blocks, unpowered buildings, or Contaminate may cause inaccurate times.
  • Supply counts are checked every 10 seconds.